 Dungeon Crawl Stone Soup version 0.26-a0-708-g17f3b190f9 (webtiles) character file.

Game seed: 2949589032792410638

9528 jiml777 the Thaumaturge (level 11, -5/56 HPs)
             Began as a Deep Elf Air Elementalist on Oct 29, 2020.
             Was a Believer of Sif Muna.
             Slain by a boulder beetle (29 damage)
             ... on level 11 of the Dungeon.
             The game lasted 01:43:15 (16916 turns).

jiml777 the Thaumaturge (DEAE)                     Turns: 16916, Time: 01:43:15

Health: -5/56      AC: 10    Str:  5    XL:     11   Next: 24%
Magic:  0/29       EV: 14    Int: 24    God:    Sif Muna [**....]
Gold:   544        SH:  4    Dex: 19    Spells: 11/34 levels left

rFire    . . .     SeeInvis .   N - staff of air
rCold    + . .     Faith    .   (no shield)
rNeg     + . .     Spirit   +   H - +0 steam dragon scales
rPois    .         Reflect  .   (helmet restricted)
rElec    +         Harm     .   R - +2 cloak {MR+}
rCorr    .         Rampage  .   f - +0 pair of gloves
MR       ++...                  h - +0 pair of boots
Stlth    +++.......             t - amulet of guardian spirit
HPRegen  0.18/turn              q - ring of positive energy
MPRegen  0.21/turn              i - +6 ring of dexterity

@: swift, quick
A: horns 1, large bone plates 1, clumsy 1, cold resistance 1, electricity
resistance
a: Channel Magic, Renounce Religion


You were on level 11 of the Dungeon.
You worshipped Sif Muna.
Sif Muna was pleased with you.
You visited 2 branches of the dungeon, and saw 12 of its levels.

You collected 544 gold pieces.

Inventory:

Hand Weapons
 k - a +1 broad axe of flaming
 u - a +3 hand axe of electrocution
Missiles
 o - 115 sling bullets
 A - 4 curare-tipped darts (quivered)
 G - 132 arrows
 K - 8 silver javelins
Armour
 f - a +0 pair of gloves (worn)
 h - a +0 pair of boots (worn)
 F - a +0 buckler
 H - +0 steam dragon scales (worn)
 R - a +2 cloak of magic resistance (worn)
Magical Staves
 n - an uncursed staff of fire
 N - an uncursed staff of air (weapon)
Jewellery
 b - an uncursed ring of protection from magic
 g - a +4 ring of evasion {unknown}
 i - a +6 ring of dexterity (right hand)
 q - a ring of positive energy (left hand)
 r - an uncursed ring of stealth
 t - an amulet of guardian spirit (around neck)
Wands
 a - a wand of disintegration (10)
 s - a wand of enslavement (10)
 y - a wand of random effects (25)
 D - a wand of polymorph (8)
Scrolls
 e - 2 scrolls of teleportation
 m - a scroll of identify
 v - 2 scrolls of enchant weapon
 x - 3 scrolls of remove curse
 z - 2 scrolls of blinking
 J - 2 scrolls of immolation
 P - a scroll of magic mapping
Potions
 c - a potion of heal wounds
 j - a potion of mutation
 l - 2 potions of flight
 p - a potion of lignification
 w - 6 potions of stabbing
 B - 2 potions of brilliance
 C - 5 potions of curing
 I - a potion of might
 Q - a potion of haste {unknown}
Miscellaneous
 d - a phantom mirror


   Skills:
 - Level 1.2 Fighting
 - Level 3.0 Dodging
 - Level 3.2 Stealth
 * Level 12.2 Spellcasting
 * Level 6.8 Conjurations
 * Level 5.9 Hexes
 * Level 4.9 Translocations
 * Level 5.1 Fire Magic
 * Level 9.5 Air Magic
 * Level 3.1 Invocations
 * Level 4.6 Evocations


You had 11 spell levels left.
You knew the following spells:

 Your Spells              Type           Power        Failure   Level
a - Shock                 Conj/Air       ####         1%          1
b - Swiftness             Air            ######..     1%          2
c - Static Discharge      Conj/Air       ######..     1%          3
d - Airstrike             Air            ######....   1%          4
e - Slow                  Hex            #####...     1%          2
f - Portal Projectile     Hex/Tloc       #####.       1%          3
g - Inner Flame           Hex/Fire       #####...     1%          3
h - Lightning Bolt        Conj/Air       ######....   4%          5

Your spell library contained the following spells:

 Spells                   Type           Power        Failure   Level
 Corona                   Hex            #####..      1%          1
 Cause Fear               Hex            #####.....   3%          4
 Leda's Liquefaction      Hex/Erth       ####......   12%         4


Dungeon Overview and Level Annotations

Branches:
Dungeon (11/15)            Temple (1/1) D:6            Lair (0/6) D:10
    Orc (0/2) D:10

Altars:
Ashenzari
Cheibriados
Dithmenos
Elyvilon
Fedhas
Gozag
Kikubaaqudgha
Makhleb
Nemelex Xobeh
Okawaru
Qazlal
Ru
Sif Muna
Uskayaw
Vehumet
Wu Jian
Xom
Yredelemnul
Zin
Beogh

Annotations:
D:8 Gastronok


Innate Abilities, Weirdness & Mutations

You have a pair of small horns on your head.
You are partially covered in large bone plates. (SH +4)
You are clumsy. (Dex -2)
Your flesh is cold resistant. (rC+)
You are resistant to electric shocks. (rElec)


Message History

v - 2 scrolls of enchant weapon (gained 1)
A boulder beetle comes into view.
The boulder beetle curls into a ball and begins rolling!
You see here a manticore corpse.
The boulder beetle barely misses you.
The boulder beetle stops rolling and uncurls.
The boulder beetle curls into a ball and begins rolling!
The boulder beetle hits you!!!
Ouch! That really hurt!
The boulder beetle stops rolling and uncurls.
You see here a +0 shortbow.
Unknown command.
Casting: Airstrike (dangerous; 1% risk of failure)
Confirm with . or Enter, or press ? or * to list all spells.
You feel a surge of power!
You feel quick. The boulder beetle closely misses you.
The boulder beetle curls into a ball and begins rolling!
The boulder beetle hits you!!!
Ouch! That really hurt!
You die...

.................
................#
................#
................#
...°°°..........#
########†.......#
.......#........######..
.......#......○.........
.......###...°.B@.......
.........#..°...........
.........#..####'#######
.........#..# ....
.........#..# ......
.........#..# ........
######...#..# ........
#...#..######....
#...#.......########.


You could see a boulder beetle.

Vanquished Creatures
  2 two-headed ogres
  An unseen horror (D:10)
  A manticore (D:11)
  Maggie (D:6)
  2 trolls
  Prince Ribbit (D:5)
  A wraith (D:10)
  A wyvern (D:8)
  6 yaks
  Menkaure (D:6)
  A water moccasin (D:9)
  4 orc warriors
  A black bear (D:11)
  A sky beast (D:7)
  2 ice beasts
  A phantom (D:9)
  6 ogres
  4 centaurs
  11 bullfrogs
  A gnoll sergeant (D:9)
  A scorpion (D:10)
  8 killer bees (D:8)
  14 wights
  A bullfrog zombie (D:5)
  6 howler monkeys
  A centaur zombie (D:6)
  A bullfrog skeleton (D:7)
  10 orc priests
  4 hounds
  11 orc wizards
  4 iguanas
  6 worker ants
  Natasha (thrice) (D:2)
  A hound skeleton (D:9)
  4 gnolls (D:9)
  15 adders
  A shadow imp (D:4)
  2 white imps
  2 ufetubi
  3 oozes
  An adder zombie (D:9)
  3 worms
  3 dart slugs
  8 leopard geckos
  42 orcs
  2 ball pythons (D:5)
  7 bats
  9 giant cockroaches
  4 goblins (D:1)
  7 hobgoblins
  10 jackals
  4 kobolds
  5 quokkas
  3 frilled lizards
  2 leopard gecko zombies
  A quokka skeleton (D:3)
  6 rats
264 creatures vanquished.

Notes
Turn   | Place    | Note
-------+----------+-------------------------------------------
     0 | D:1      | jiml777 the Deep Elf Air Elementalist began the quest for
                  | the Orb.
     0 | D:1      | Reached XP level 1. HP: 10/10 MP: 6/6
   511 | D:1      | Reached XP level 2. HP: 15/15 MP: 2/8
  1396 | D:2      | Reached XP level 3. HP: 14/19 MP: 6/9
  2423 | D:2      | Noticed Natasha
  2428 | D:2      | Killed Natasha
  2428 | D:2      | Reached XP level 4. HP: 16/24 MP: 6/11
  2560 | D:2      | Noticed Natasha
  2572 | D:2      | Killed Natasha
  2572 | D:2      | Reached skill level 4 in Spellcasting
  2904 | D:2      | Noticed Natasha
  2910 | D:2      | Killed Natasha
  3130 | D:3      | Learned a level 2 spell: Swiftness
  3134 | D:3      | Learned a level 3 spell: Static Discharge
  3139 | D:3      | Learned a level 4 spell: Airstrike
  3285 | D:3      | Reached XP level 5. HP: 28/28 MP: 11/13
  3590 | D:3      | Found a faded altar of an unknown god.
  3859 | D:3      | Reached skill level 5 in Spellcasting
  4181 | D:3      | Reached XP level 6. HP: 33/33 MP: 11/15
  4334 | D:3      | Found a glowing silver altar of Zin.
  4339 | D:3      | Found a blossoming altar of Fedhas.
  4342 | D:3      | Found a sparkling altar of Nemelex Xobeh.
  4925 | D:4      | Found a hide-covered altar of Uskayaw.
  5029 | D:4      | Reached skill level 6 in Spellcasting
  5029 | D:4      | Reached skill level 5 in Air Magic
  5138 | D:4      | Reached XP level 7. HP: 37/37 MP: 15/18
  6039 | D:5      | Entered Level 5 of the Dungeon
  6118 | D:5      | Noticed Prince Ribbit
  6121 | D:5      | Killed Prince Ribbit
  6121 | D:5      | Reached skill level 7 in Spellcasting
  6153 | D:4      | Reached skill level 1 in Fighting
  6340 | D:5      | Reached XP level 8. HP: 43/43 MP: 12/21
  6540 | D:5      | Reached skill level 8 in Spellcasting
  7222 | D:5      | Found a white marble altar of Elyvilon.
  7476 | D:6      | Learned a level 2 spell: Slow
  7480 | D:6      | Learned a level 3 spell: Portal Projectile
  7484 | D:6      | Learned a level 3 spell: Inner Flame
  7490 | D:6      | Found a staircase to the Ecumenical Temple.
  7499 | Temple   | Entered the Ecumenical Temple
  7510 | Temple   | Became a worshipper of Sif Muna the Loreminder
  7814 | D:6      | Noticed Maggie
  7823 | D:6      | Killed Maggie
  7823 | D:6      | Reached skill level 5 in Conjurations
  7823 | D:6      | Reached skill level 1 in Hexes
  7823 | D:6      | Reached skill level 1 in Translocations
  7823 | D:6      | Reached skill level 1 in Fire Magic
  7823 | D:6      | Reached skill level 1 in Evocations
  8270 | D:6      | Reached skill level 9 in Spellcasting
  8364 | D:6      | Noticed Menkaure
  8366 | D:6      | Killed Menkaure
  9395 | D:7      | Reached XP level 9. HP: 47/47 MP: 15/24
  9580 | D:7      | Noticed a troll
  9588 | D:7      | Killed a troll
  9777 | D:7      | Found a snail-covered altar of Cheibriados.
  9919 | D:7      | Found an iron altar of Okawaru.
  9990 | D:7      | Learned a level 5 spell: Lightning Bolt
 10624 | D:8      | Reached skill level 10 in Spellcasting
 11104 | D:8      | Noticed a two-headed ogre
 11108 | D:8      | Killed a two-headed ogre
 11194 | D:8      | Reached XP level 10. HP: 52/52 MP: 21/26
 11198 | D:8      | Reached * piety under Sif Muna
 11308 | D:8      | Noticed Gastronok
 12617 | D:9      | Reached skill level 11 in Spellcasting
 12662 | D:9      | Reached skill level 1 in Invocations
 13157 | D:9      | Reached ** piety under Sif Muna
 13838 | D:9      | Found a roughly hewn altar of Beogh.
 13838 | D:9      | Noticed an orc knight
 14196 | D:9      | Found a transporter.
 14198 | D:9      | Found a transporter.
 14416 | D:10     | Entered Level 10 of the Dungeon
 14425 | D:10     | Gained mutation: You are partially covered in slimy green
                  | scales. (AC +2) [potion of mutation]
 14425 | D:10     | Gained mutation: Your body sometimes deteriorates upon
                  | taking damage. [potion of mutation]
 14425 | D:10     | Gained mutation: You are clumsy. (Dex -2) [potion of
                  | mutation]
 14425 | D:10     | Gained mutation: You have a pair of small horns on your
                  | head. [potion of mutation]
 14426 | D:10     | Lost mutation: You are partially covered in slimy green
                  | scales. (AC +2) [potion of mutation]
 14426 | D:10     | Lost mutation: Your body sometimes deteriorates upon taking
                  | damage. [potion of mutation]
 14426 | D:10     | Gained mutation: Your flesh is cold resistant. (rC+)
                  | [potion of mutation]
 14426 | D:10     | Gained mutation: You are resistant to electric shocks.
                  | (rElec) [potion of mutation]
 14426 | D:10     | Gained mutation: You are partially covered in large bone
                  | plates. (SH +4) [potion of mutation]
 14447 | D:10     | Found a staircase to the Lair.
 14476 | D:10     | Found a staircase to the Orcish Mines.
 14479 | D:10     | Reached skill level 5 in Hexes
 15258 | D:10     | Killed an unseen horror
 15493 | D:10     | Reached skill level 5 in Fire Magic
 15704 | D:9      | Reached XP level 11. HP: 24/56 MP: 9/28
 16308 | D:11     | Reached skill level 12 in Spellcasting
 16511 | D:11     | Noticed a two-headed ogre
 16534 | D:11     | Killed a two-headed ogre
 16897 | D:11     | Noticed a boulder beetle
 16916 | D:11     | Slain by a boulder beetle

Illustrated notes

Levels and vault maps discovered:
D:1:      sevenhm_arrival_forest_fort_large_3, layout_rooms
D:2:      layout_loops_corners, uniq_natasha
D:3:      layout_basic, minmay_overflow_temple_star_quad,
          chequers_ecumenical_altar_simple, serial_rivers,
          chequers_serial_rivers_small_a, chequers_serial_rivers_small_b,
          chequers_serial_rivers_large_a, chequers_serial_rivers_small_a
D:4:      minmay_thinvault, layout_loops_cross, eat_drink_and_be_merry_uskayaw
D:5:      layout_basic, grunt_ministairs_9, minmay_misc_feat_enclosed,
          elyvilon_altar_1, uniq_prince_ribbit1
D:6:      layout_layer_cave, minmay_temple_entry_mini_moons, uniq_maggie,
          uniq_menkaure
D:7:      layout_basic, kennysheep_mini, kennysheep_little_box
D:8:      layout_gridville, uniq_gastronok
D:9:      gammafunk_beogh_shrine, layout_basic
D:10:     layout_basic, lair_entry_dummy, orc_0_dummy
D:11:     layout_irregular_city, minmay_misc_feat_x
Temple:   lightli_temple_of_artemis

Skill      XL: |  1  2  3  4  5  6  7  8  9 10 11 |
---------------+----------------------------------+-----
Conjurations   | 2 3 4 5 6 |  6.8
Air Magic      | 4 5 6 7 8 9 |  9.5
Stealth        | 3 |  3.2
Spellcasting   | 4 5 6 7 9 10 11 12 | 12.2
Dodging        | 3 |  3.0
Fighting       | 1 |  1.2
Hexes          | 2 4 5 |  5.9
Translocations | 2 3 4 |  4.9
Fire Magic     | 2 3 5 |  5.1
Evocations     | 2 3 4 |  4.6
Invocations    | 2 3 |  3.1

Action                   |  1- 3 |  4- 6 |  7- 9 | 10-12 || total
-------------------------+-------+-------+-------+-------++-------
Melee: Hand axe          |       |       |     1 |       ||     1
       Staff             |       |       |       |    39 ||    39
       Headbutt          |       |       |       |     1 ||     1
 Cast: Shock             |    75 |   117 |    43 |    69 ||   304
       Swiftness         |       |     2 |       |     3 ||     5
       Airstrike         |       |       |    97 |   128 ||   225
       Lightning Bolt    |       |       |       |     8 ||     8
Invok: Channel Magic     |       |       |       |     1 ||     1
Evoke: Wand              |       |       |       |     1 ||     1
  Use: Scroll            |       |       |     9 |    13 ||    22
       Potion            |       |       |     2 |     6 ||     8
Armor: Robe              |     2 |     5 |    10 |       ||    17
       Steam dragon scal |       |       |       |    29 ||    29
Dodge: Dodged            |    18 |    10 |    30 |   100 ||   158
Block: Buckler           |       |       |     2 |       ||     2
       Other             |       |       |       |    12 ||    12

Table legend: (Time is in decaauts)
 A = Elapsed time spent in this place.
 B = Non-inter-level travel time spent in this place.
 C = Inter-level travel time spent in this place.
 D = Time resting spent in this place.
 E = Time spent auto-exploring this place.
 F = Levels seen in this place.
 G = Mean time per level.
                   A        B        C        D        E       F      G
               +--------+--------+--------+--------+--------+-----+--------+
         Total |  16944 |  16633 |    311 |   6792 |   6514 |  12 | 1412.0 |
       Dungeon |  16921 |  16621 |    300 |   6792 |   6514 |  11 | 1538.3 |
        Temple |     22 |     11 |     11 |      0 |      0 |   1 |   22.0 |
               +--------+--------+--------+--------+--------+-----+--------+

Top non-repeatable levels by time:
     D:9: 2296 daAuts
     D:8: 2022 daAuts
     D:2: 1929 daAuts
     D:6: 1876 daAuts
     D:3: 1743 daAuts
    D:10: 1608 daAuts
     D:4: 1404 daAuts
     D:5: 1180 daAuts
     D:1: 1175 daAuts
     D:7: 983 daAuts
    D:11: 701 daAuts
  Temple: 22 daAuts
